 Dungeon Crawl Stone Soup version 0.31-a0-750-gfe7b580527 (webtiles) character file.

Game seed: 14266653812822592558

7 cforsyth the Sneak (level 2, -4/25 HPs)
             Began as a Djinni Delver on Sept 14, 2023.
             Killed by divine providence
             ... invoked by an orc priest
              (13 damage)
             ... on level 5 of the Dungeon.
             The game lasted 00:00:27 (131 turns).

cforsyth the Sneak (Djinni Delver)                   Turns: 131, Time: 00:00:27

Health: -4/25      AC:  3    Str: 11    XL:     2   Next: 10%
Gold:   0          EV: 12    Int: 11    God:
                   SH:  0    Dex: 14

rFire   + + .        a - +0 falchion
rCold   x . .        (no shield)
rNeg    . . .        b - +0 leather armour
rPois   ∞            (no helmet)
rElec   .            (no cloak)
rCorr   .            (no gloves)
SInv    .            (boots unavailable)
Will    .....        (no amulet)
Stlth   ++           (no ring)
HPRegen 0.24/turn    (no ring)
MPRegen 0.00/turn

%: infuse magic (-5 HP)
@: flying
A: sickness immunity, fire resistance 2, cold vulnerability 1, float, innate
caster, HP casting, extra vitality 1
a: no special abilities


You were on level 5 of the Dungeon.
You visited 1 branch of the dungeon, and saw 1 of its levels.

Inventory:

Hand Weapons
 a - a +0 falchion (weapon)
Armour
 b - a +0 leather armour (worn)
Wands
 g - a wand of digging (3)
Scrolls
 c - a scroll of fog
 d - a scroll of revelation
 e - a scroll of fear
Potions
 f - a potion of haste


   Skills:
 + Level 3.1 Fighting
 + Level 2.0 Long Blades
 + Level 2.4 Dodging
 + Level 4.2 Stealth You didn't know any spells. Your spell library was empty.

Dungeon Overview and Level Annotations

Branches:
Dungeon (5/15)
 Temple: D:4-7

Altars:


Innate Abilities, Weirdness & Mutations

You are immune to sickness and miasma.
You are immune to poison.
Your flesh is very heat resistant. (rF++)
You are vulnerable to cold. (rC-)
You float through the air rather than walking.
You learn spells naturally, not from books.
Your magical power is your life essence.
You have superior vitality. (+4 MHP)


Message History

You reach down and open the door.
There is an open door here.
An orc priest is nearby!
An orc priest is nearby!
An orc priest is nearby!
An orc comes into view. It is wielding a +0 whip.
An orc comes into view. It is wielding a +2 heavy mace.
Found a scroll of fog.
The orc shouts!
The orc priest shouts!
The orc shouts!
You see here 17 gold pieces.
You hit the orc.
The orc is severely wounded.
The orc priest casts a cantrip, but nothing happens.
You slash the orc!
You kill the orc!
Your Long Blades skill increases to level 2!
You have reached level 2!
Unknown command.
Unknown command.
You slash the orc priest!
The orc priest is heavily wounded.
The orc priest mumbles some strange prayers to Beogh against you.
You barely resist. You barely miss the orc priest.
The orc priest is heavily wounded.
The orc priest barely misses you. The orc hits you with a +2 heavy mace.
You hit the orc priest.
The orc priest is severely wounded.
The orc priest hits you with a +0 dagger.
The orc misses you.
The orc priest hits you with a +0 dagger.
You hit the orc priest but do no damage.
The orc priest is severely wounded.
The orc priest closely misses you. The orc hits you with a +2 heavy mace.
You barely miss the orc priest.
The orc priest is severely wounded.
The orc priest calls down the wrath of Beogh upon you.
Beogh smites you!
Ouch! That really hurt!
You die...

........###...####.#
~≈.~~~~.........##.#
≈~.~≈~~..##.#.#....##
~~.~≈≈~..##.#.###(..##
~~.~≈≈≈..##.#.# ##...##
$..~~~~..##.#.# #.#..#
~[.......##.#.# #.##.##
~.~~~~~..##.#.# #.....#
~.~≈≈≈~@.##.#.# ###.#.#
~.~≈≈≈≈oo##.#.######.#..
~.~~~≈~..##.#.#...##....
.........#..#.#...####..
.......?.#..#.....'....>
########## ###...######
#...# #...# #...#


You could see an orc priest and an orc.

Vanquished Creatures
  An ufetubus (D:5)
  An orc (D:5)
2 creatures vanquished.

Notes
Turn   | Place    | Note
-------+----------+-------------------------------------------
     0 | D:5      | cforsyth the Djinni Delver began the quest for the Orb.
     0 | D:5      | Reached XP level 1. HP: 20/20 MP: 0/0
    75 | D:5      | Noticed an orc priest
   127 | D:5      | Reached XP level 2. HP: 25/25 MP: 0/0
   131 | D:5      | Killed from afar by an orc priest

Illustrated notes

Levels and vault maps discovered:
D:5:      layout_basic, minivault_14

Skill      XL: |  1 |
---------------+----+-----
Long Blades    | 2 |  2.0
Fighting       | |  3.1
Dodging        | |  2.4
Stealth        | |  4.2

Action                     || total
---------------------------++-------
  Melee: Falchion          ||    12
 Armour: Leather armour    ||    12
  Dodge: Dodged            ||    13

Table legend: (Time is in decaauts)
 A = Elapsed time spent in this place.
 B = Non-inter-level travel time spent in this place.
 C = Inter-level travel time spent in this place.
 D = Time resting spent in this place.
 E = Time spent auto-exploring this place.
 F = Levels seen in this place.
 G = Mean time per level.
                   A        B        C        D        E       F      G
               +--------+--------+--------+--------+--------+-----+--------+
         Total |    133 |    133 |      0 |      0 |     88 |   1 |  133.0 |
       Dungeon |    133 |    133 |      0 |      0 |     88 |   1 |  133.0 |
               +--------+--------+--------+--------+--------+-----+--------+

Top non-repeatable levels by time:
     D:5: 133 daAuts
